 Dungeon Crawl Stone Soup version 0.31-a0-325-g067879e3d3 (webtiles) character file.

Game seed: 9567239964743094059

7023 porpoise the Severer (level 11, -15/95 HPs)
             Began as a Hill Orc Fighter on July 18, 2023.
             Was a High Priest of Okawaru.
             Killed from afar by Frances (26 damage)
             ... with a shard of ice
             ... on level 12 of the Dungeon on July 19, 2023.
             The game lasted 00:35:58 (8005 turns).

porpoise the Severer (Hill Orc Fighter)             Turns: 8005, Time: 00:35:58

Health: -15/95     AC: 12    Str: 22    XL:     11   Next: 8%
Magic:  17/23      EV: 12    Int:  8    God:    Okawaru [*****.]
Gold:   444        SH:  6    Dex: 10    Spells: 10/10 levels left

rFire   . . .        a - +1 war axe (elec)
rCold   + . .        c - +1 buckler
rNeg    . . .        F - +0 scale mail of the Thistle {rElec Regen+ MP+9 Str-2}
rPois   .            (no helmet)
rElec   +            P - +0 cloak
rCorr   .            (no gloves)
SInv    +            D - +0 pair of boots
Will    .....        q - amulet of faith
Stlth   +            n - ring of protection from cold
HPRegen 1.15/turn    z - ring of see invisible
MPRegen 0.18/turn

%: faith
@: heroic, finesse-ful
A: no striking features
a: Renounce Religion, Heroism, Finesse, Duel


You were on level 12 of the Dungeon.
You worshipped Okawaru.
Okawaru was extremely pleased with you.
You visited 2 branches of the dungeon, and saw 12 of its levels.
You also visited: Sewer.

You collected 604 gold pieces.
You spent 160 gold pieces at shops.

Inventory:

Hand Weapons
 a - a +1 war axe of electrocution (weapon)
 B - a +2 flail of protection
Missiles
 b - 2 throwing nets
 k - 4 javelins
 o - 4 boomerangs (quivered)
 w - 30 poisoned darts
 E - a curare-tipped dart
Armour
 c - a +1 buckler (worn)
 D - a +0 pair of boots (worn)
 F - the +0 scale mail of the Thistle (worn) {rElec Regen+ MP+9 Str-2}
   (You found it on level 7 of the Dungeon)

   Str:       It affects your strength (-2).
   rElec:     It insulates you from electricity.
   MP:        It affects your magic capacity (+9).
   Regen:     It increases your rate of health regeneration.
 P - a +0 cloak (worn)
Jewellery
 n - a ring of protection from cold (left hand)
 q - an amulet of faith (around neck)
 y - an amulet of reflection
 z - a ring of see invisible (right hand)
 J - a ring of flight
Talismans
 m - a beast talisman
 K - a serpent talisman
 L - a maw talisman
Wands
 A - a wand of quicksilver (16)
Scrolls
 g - 4 scrolls of fog
 j - 4 scrolls of teleportation
 l - a scroll of revelation
 u - 3 scrolls of noise
 v - 2 scrolls of vulnerability
 x - a scroll of fear
 G - a scroll of enchant armour
 I - a scroll of amnesia
Potions
 d - 2 potions of might
 e - a potion of brilliance
 f - 3 potions of ambrosia
 h - 3 potions of mutation
 i - 3 potions of haste
 p - a potion of attraction
 r - a potion of enlightenment
 s - a potion of heal wounds
 t - 2 potions of curing
 H - a potion of lignification


   Skills:
 + Level 8.7(13.7) Fighting
 - Level 16.0(21.0) Axes
 - Level 7.0(12.0) Armour
 + Level 3.2(8.2) Dodging
 - Level 3.2(8.2) Shields
 - Level 5.0 Invocations
 + Level 3.9 Evocations


You had 10 spell levels left.
You didn't know any spells.
Your spell library contained the following spells:

 Spells                   Type           Power      Damage    Failure   Level
 Lesser Beckoning         Tloc           0%         N/A       85%         2
 Gell's Gravitas          Tloc           0%         N/A       97%         3
 Teleport Other           Tloc           0%         N/A       97%         3
 Cause Fear               Hex            0%         N/A       100%        4
 Fireball                 Conj/Fire      0%         3d3       100%        5
 Dragon's Call            Summ           Unusable   N/A       N/A         9

Dungeon Overview and Level Annotations

Branches:
Dungeon (10/15)            Temple (1/1) D:5           Sewer (visited)
   Lair: D:8-11         Orc: D:9-12

Altars:
Ashenzari
Cheibriados
Dithmenos
Elyvilon
Fedhas
Gozag
Hepliaklqana
Kikubaaqudgha
Makhleb
Nemelex Xobeh
Okawaru
Qazlal
Ru
Sif Muna
Trog
Uskayaw
Vehumet
Wu Jian
Xom
Yredelemnul
Zin
The Shining One

Shops:
D:1 !   D:4 (

Annotations:
D:8 2 transporters, innerfire43's ghost, novice DsMo
D:12 Frances


Message History

You barely miss Frances.
Frances is lightly wounded.
You feel much better.
Frances whispers indecipherable words.
Frances says, "I value strength and power.
I see none of this in you." Frances hits you with a +0 hand axe!
You closely miss Frances.
Frances is lightly wounded.
You barely miss Frances.
Frances is lightly wounded.
Frances chants phrases taken from a devil's mouth.
You closely miss Frances.
Frances is lightly wounded.
You miss the sixfirhy. You block the sixfirhy's attack.
Frances hits you with a +0 hand axe!
* * * LOW HITPOINT WARNING * * *
You slash Frances!
Frances is lightly wounded.
You barely miss the sixfirhy. The sixfirhy hits you.
* * * LOW HITPOINT WARNING * * *
The sixfirhy shocks you. You resist.
* * * LOW HITPOINT WARNING * * *
The sixfirhy hits you.
* * * LOW HITPOINT WARNING * * *
The sixfirhy shocks you. You resist.
* * * LOW HITPOINT WARNING * * *
You barely miss Frances.
Frances is lightly wounded.
You miss the sixfirhy. The sixfirhy barely misses you.
Frances hits you but does no damage.
You hit Frances.
Frances is lightly wounded.
You slash the sixfirhy! The sixfirhy completely misses you.
The sixfirhy hits you but does no damage.
You hit Frances.
Frances is lightly wounded.
You barely miss the sixfirhy. The sixfirhy barely misses you.
Frances screams a word of power!
The shard of ice hits you!! You partially resist.
You die...

......# ...####
..#####.### ...#
.#........ ...# .
...#.#.#.# !..# ..#
#......... ...#
..##..#.#.#.# ##.##
...........
#..###########..#.#.#.#
##/.....).>....@@x.....
#############3.#.#.#.#
. ....4...... #
###.####.... #.. ...
### #. =


You could see Frances (fast), a rust devil (summoned), a sixfirhy (summoned) and
an unseen horror (invisible).

Vanquished Creatures
  A two-headed ogre (D:12)
  Pikel (D:9)
  An ugly thing (D:12)
  Maurice (D:9)
  A hornet (D:8)
  A troll (D:6)
  Prince Ribbit (D:7)
  A wyvern (D:9)
  3 yaks (D:8)
  A steam dragon (D:9)
  Grum (D:9)
  A sky beast (D:7)
  4 orc warriors
  An ice beast (D:6)
  A black bear (D:6)
  An ogre (D:5)
  3 wolves (D:9)
  2 phantoms
  A centaur (D:9)
  4 lemures (D:9)
  2 kobold brigands
  Blork the orc (D:4)
  4 bullfrogs
  A gnoll sergeant (D:8)
  2 scorpions
  10 wights
  7 killer bees
  4 howler monkeys
  6 orc priests
  3 hounds
  3 jellies
  An iguana (D:3)
  6 orc wizards
  3 sleepcaps (D:7)
  12 adders
  7 gnolls
  A shadow imp (D:8)
  A white imp (D:5)
  6 worms
  3 dart slugs
  43 orcs
  17 ball pythons
  6 bats
  14 endoplasms
  6 giant cockroaches
  5 hobgoblins
  4 jackals (D:3)
  23 kobolds
  13 quokkas
  9 frilled lizards
  9 goblins
  9 rats
272 creatures vanquished.

Notes
Turn   | Place    | Note
-------+----------+-------------------------------------------
     0 | D:1      | porpoise the Hill Orc Fighter began the quest for the Orb.
     0 | D:1      | Reached XP level 1. HP: 19/19 MP: 1/1
    60 | D:1      | Reached skill level 3 in Axes
    83 | D:1      | HP: 1/20 [rat (3)]
    84 | D:1      | Reached XP level 2. HP: 1/27 MP: 2/2
   254 | D:1      | Reached skill level 4 in Axes
   323 | D:1      | Reached XP level 3. HP: 29/33 MP: 3/3
   506 | D:1      | Found Kuvei's Distillery.
   834 | D:2      | Reached XP level 4. HP: 41/41 MP: 4/4
  1206 | D:3      | Reached skill level 5 in Axes
  1479 | D:3      | Reached XP level 5. HP: 47/47 MP: 5/5
  1580 | D:3      | Reached skill level 5 in Fighting
  1580 | D:3      | Reached skill level 6 in Axes
  1892 | D:4      | Found Qalov's Weapon Emporium.
  1903 | D:3      | Reached XP level 6. HP: 56/56 MP: 6/6
  2046 | D:3      | Reached skill level 7 in Axes
  2182 | D:1      | Bought a potion of heal wounds for 50 gold pieces
  2182 | D:1      | Bought a potion of curing for 30 gold pieces
  2182 | D:1      | Bought a potion of heal wounds for 50 gold pieces
  2182 | D:1      | Bought a potion of curing for 30 gold pieces
  2305 | D:4      | Noticed Blork the orc
  2319 | D:4      | Killed Blork the orc
  2739 | D:5      | Entered Level 5 of the Dungeon
  2777 | D:5      | Found a staircase to the Ecumenical Temple.
  2786 | Temple   | Entered the Ecumenical Temple
  2819 | Temple   | Became a worshipper of Warmaster Okawaru
  2894 | D:4      | Reached skill level 8 in Axes
  2894 | D:4      | Reached XP level 7. HP: 8/63 MP: 7/7
  3076 | D:5      | Found a glowing drain.
  3119 | Sewer    | Entered a sewer
  3302 | Sewer    | Reached skill level 9 in Axes
  3366 | Sewer    | Reached * piety under Okawaru
  3510 | Sewer    | Identified the staff of Tenacity {Fly rElec Int+3 Air}
  3781 | D:5      | Reached XP level 8. HP: 54/73 MP: 8/8
  4063 | D:5      | Reached skill level 10 in Axes
  4473 | D:6      | Reached ** piety under Okawaru
  4582 | D:6      | Reached skill level 11 in Axes
  4735 | D:6      | Reached skill level 5 in Armour
  5128 | D:7      | Noticed a troll
  5135 | D:6      | Killed a troll
  5136 | D:6      | Reached skill level 12 in Axes
  5136 | D:6      | Reached XP level 9. HP: 29/79 MP: 9/9
  5398 | D:7      | Noticed Prince Ribbit
  5408 | D:7      | Killed Prince Ribbit
  5408 | D:7      | Reached *** piety under Okawaru
  5492 | D:7      | Identified the +0 scale mail of the Thistle {rElec Regen+
                  | MP+9 Str-2}
  5593 | D:7      | Reached skill level 13 in Axes
  5942 | D:7      | Found a glowing golden altar of the Shining One.
  6096 | D:8      | Reached **** piety under Okawaru
  6102 | D:8      | Reached skill level 14 in Axes
  6185 | D:8      | Noticed a hornet
  6211 | D:8      | Reached skill level 1 in Invocations
  6230 | D:8      | Reached XP level 10. HP: 62/86 MP: 11/11
  6258 | D:8      | Reached skill level 15 in Axes
  6337 | D:8      | Paralysed by a hornet for 3 turns
  6444 | D:8      | Found a transporter.
  6447 | D:8      | Found a transporter.
  6456 | D:8      | Found a bloodstained altar of Trog.
  6470 | D:8      | Noticed a moth of wrath
  6473 | D:8      | Noticed innerfire43's ghost (novice DsMo)
  6862 | D:9      | Noticed Grum
  6888 | D:9      | Killed Grum
  7131 | D:9      | Found a sacrificial altar of Ru.
  7143 | D:9      | Reached skill level 16 in Axes
  7157 | D:9      | Reached ***** piety under Okawaru
  7158 | D:9      | Reached skill level 5 in Invocations
  7218 | D:9      | Reached skill level 1 in Evocations
  7287 | D:9      | Noticed Pikel
  7297 | D:9      | Killed Pikel
  7298 | D:9      | Reached skill level 1 in Dodging
  7534 | D:9      | Noticed Maurice
  7542 | D:9      | Killed Maurice
  7542 | D:9      | Received a gift from Okawaru
  7647 | D:10     | Entered Level 10 of the Dungeon
  7846 | D:10     | Found a white marble altar of Elyvilon.
  7846 | D:10     | Found a hide-covered altar of Uskayaw.
  7846 | D:10     | You fall into a shaft and drop 2 floors!
  7875 | D:12     | Noticed a brown ugly thing
  7889 | D:12     | Killed a brown ugly thing
  7920 | D:12     | Noticed a two-headed ogre
  7932 | D:12     | Killed a two-headed ogre
  7933 | D:12     | Reached XP level 11. HP: 40/95 MP: 14/14
  7985 | D:12     | Noticed Frances
  8001 | D:12     | Noticed a sixfirhy
  8005 | D:12     | Killed from afar by Frances

Illustrated notes

Levels and vault maps discovered:
D:1:      lemuel_arrival_muddy, layout_rooms, serial_shops,
          nicolae_shop_tiny_glass, minivault_24
D:2:      layout_basic, chequers_serial_rivers_large_a
D:3:      layout_basic, dk_vineyard_2, kennysheep_generic_room_7
D:4:      layout_cave_pools, serial_shops, nicolae_shop_crystal,
          hangedman_minor_gate_pass, uniq_blork_the_orc
D:5:      layout_basic, minmay_temple_entry_junction, lightli_sewer_entry_pipes,
          kennysheep_pointless_box
D:6:      layout_cave_pools
D:7:      layout_rooms, nicolae_tso_carved_into_rock, uniq_prince_ribbit1
D:8:      layout_basic, gammafunk_ghost_wrathful_warriors
D:9:      layout_basic, nicolae_ru_awakened_eye, nrook_loot_triangle,
          uniq_maurice, uniq_grum, uniq_pikel
D:10:     layout_basic, nicolae_overflow_hidden_temple,
          gammafunk_ghost_abyssal_escape, uniq_erolcha, uniq_erica
D:12:     layout_rooms, special_room [special_room_bee], serial_glass,
          glass_columns_c, glass_columns_a, glass_columns_b, glass_columns_a,
          glass_columns_a, glass_columns_a, glass_columns_b, glass_columns_b,
          glass_columns_c, glass_columns_b, glass_columns_b, glass_columns_b,
          glass_columns_b, glass_columns_c, minmay_variable_closet, uniq_frances
Temple:   dpeg_five_rooms_temple

Skill      XL: |  1  2  3  4  5  6  7  8  9 10 |
---------------+-------------------------------+-----
Axes           | 3 4 5 6 8 9 12 14 16 | 16.0
Fighting       | 4 5 6 7 8 |  8.7
Armour         | 5 7 |  7.0
Invocations    | 1 5 |  5.0
Evocations     | 3 |  3.9
Dodging        | 3 |  3.2
Shields        | |  3.2

Action                     |  1- 3 |  4- 6 |  7- 9 | 10-12 || total
---------------------------+-------+-------+-------+-------++-------
  Melee: War axe           |    92 |   157 |   292 |   195 ||   736
  Throw: Javelin           |       |     1 |     2 |       ||     3
         Boomerang         |       |       |       |    13 ||    13
 Invoke: Heroism           |       |       |     1 |     3 ||     4
         Finesse           |       |       |       |     1 ||     1
  Evoke: Wand              |       |       |       |     2 ||     2
    Use: Scroll            |       |    10 |     3 |     7 ||    20
         Potion            |       |     1 |     1 |     1 ||     3
 Armour: Scale mail        |    60 |    79 |   104 |    52 ||   295
  Dodge: Dodged            |    52 |    79 |   101 |    72 ||   304
  Block: Buckler           |    23 |    33 |    45 |    31 ||   132

Table legend: (Time is in decaauts)
 A = Elapsed time spent in this place.
 B = Non-inter-level travel time spent in this place.
 C = Inter-level travel time spent in this place.
 D = Time resting spent in this place.
 E = Time spent auto-exploring this place.
 F = Levels seen in this place.
 G = Mean time per level.
                   A        B        C        D        E       F      G
               +--------+--------+--------+--------+--------+-----+--------+
         Total |   8133 |   7685 |    448 |   1912 |   3615 |  13 |  625.6 |
       Dungeon |   7590 |   7205 |    385 |   1745 |   3602 |  11 |  690.0 |
        Temple |     64 |      1 |     63 |      0 |      0 |   1 |   64.0 |
         Sewer |    478 |    478 |      0 |    167 |     13 |   1 |  478.0 |
               +--------+--------+--------+--------+--------+-----+--------+

Top non-repeatable levels by time:
     D:5: 1114 daAuts
     D:3: 1096 daAuts
     D:6: 921 daAuts
     D:8: 791 daAuts
     D:9: 769 daAuts
     D:7: 728 daAuts
     D:4: 636 daAuts
     D:1: 624 daAuts
     D:2: 562 daAuts
   Sewer: 478 daAuts
    D:10: 196 daAuts
    D:12: 148 daAuts
  Temple: 64 daAuts
